 Dungeon Crawl Stone Soup version 0.19.4 (webtiles) character file.

24 Haldmier the Ogre Mage (level 3, 0/27 HPs)
             Began as an Ogre Wizard on Feb 2, 2017.
             Was an Initiate of Hepliaklqana.
             Slain by a gnoll
             ... wielding a +0 spear
              (8 damage)
             ... on level 2 of the Dungeon.
             The game lasted 00:06:02 (1001 turns).

Haldmier the Ogre Mage (Ogre Wizard)                Turns: 1001, Time: 00:06:03

Health: 0/27       AC:  3    Str: 12    XL:     3   Next: 2%
Magic:  3/8        EV: 10    Int: 17    God:    Hepliaklqana [......]
Gold:   16         SH:  0    Dex:  9    Spells: 1 memorised, 8 levels left

rFire  . . .     SeeInvis .     g - +0 club
rCold  . . .     Gourm    .     a - +0 robe
rNeg   . . .     Faith    .     (no shield)
rPois  .         Spirit   .     b - +0 hat
rElec  .         Reflect  .     (no cloak)
rCorr  .         Harm     .     (gloves unavailable)
MR     .....                    (boots unavailable)
Stlth  +.........               (no amulet)
                                (no ring)
                                (no ring)

@: very slightly contaminated
A: unfitting armour, reduced essence, tough skin 1
a: Recall Ancestor, Ancestor Identity, Renounce Religion


You were on level 2 of the Dungeon.
You worshipped Hepliaklqana.
Hepliaklqana was noncommittal.
You were not hungry.

You visited 1 branch of the dungeon, and saw 2 of its levels.

You collected 16 gold pieces.

Inventory:

Hand Weapons
 g - a +0 club (weapon)
Missiles
 j - 8 silver javelins (quivered)
Armour
 a - a +0 robe (worn)
 b - a +0 hat (worn)
Scrolls
 f - a scroll of recharging {unknown}
 i - a scroll of amnesia {unknown}
Potions
 e - 2 potions of degeneration {unknown}
Books
 c - a book of Minor Magic

   Spells                             Type                      Level
   a - Magic Dart                     Conjuration                  1
   b - Blink                          Translocation                2
   c - Call Imp                       Summoning                    2
   d - Repel Missiles                 Charms/Air                   2
   e - Slow                           Hexes                        2
   f - Conjure Flame                  Conjuration/Fire             3
   g - Mephitic Cloud                 Conjuration/Poison/Air       3
Comestibles
 d - a bread ration


   Skills:
 + Level 2.6 Maces & Flails
 - Level 1.7 Dodging
 - Level 1.4 Stealth
 - Level 3.6 Spellcasting
 - Level 1.2 Conjurations
   Level 0.6 Summonings
   Level 0.6 Translocations


You had 8 spell levels left.
You knew the following spells:

 Your Spells              Type           Power        Failure   Level  Hunger
a - Magic Dart            Conj           #...         12%         1    None


Dungeon Overview and Level Annotations

Branches:
Dungeon (2/15)

Altars:
Hepliaklqana


Innate Abilities, Weirdness & Mutations

You are too large for most types of armour.
You have tough skin. (AC +1)
Your life essence is reduced. (-10% HP)


Message History

Confirm with . or Enter, or press ? or * to list all spells.
Aiming: Magic Dart
Press: ? - help, Shift-Dir - straight line, f/p - gnoll
Aim: a gnoll, wielding a spear (moderately wounded)
The magic dart hits the gnoll.
The gnoll is moderately wounded.
The gnoll hits you from afar with a spear!
You take 7 damage, and have 17/27 hp.
MASSIVE DAMAGE!!
You now have 4/8 mp.
Casting: Magic Dart
Confirm with . or Enter, or press ? or * to list all spells.
Aiming: Magic Dart
Press: ? - help, Shift-Dir - straight line, f/p - gnoll
Aim: a gnoll, wielding a spear (moderately wounded)
The magic dart hits the gnoll.
The gnoll is moderately wounded.
The gnoll hits you from afar with a spear!
* * * LOW HITPOINT WARNING * * *
You take 9 damage, and have 8/27 hp.
MASSIVE DAMAGE!!
You now have 3/8 mp.
The gnoll hits you from afar with a spear!
You die...

###. #......... #...
#......... ###...
#.........
#.....#######
#.....g...
#.....'.....#
#.........
#.....#.###.#
#...##'### #######.#
#.# ######.# #.# #.#
#.#
#.###@############.#
#...#..g...........#
###.################
#...# #.### #.# #.#
#)# #<#


You could see a gnoll.

Vanquished Creatures
  An adder (D:2)
  A dart slug (D:2)
  A leopard gecko (D:1)
  A goblin (D:2)
  2 hobgoblins (D:2)
  A jackal (D:1)
  3 bats
  A frilled lizard (D:2)
  A rat (D:2)
12 creatures vanquished.

Vanquished Creatures (collateral kills)
  A giant cockroach (D:2)
1 creature vanquished.

Vanquished Creatures (others)
  2 ancestors (D:2)
2 creatures vanquished.

Grand Total: 15 creatures vanquished

Notes
Turn   | Place    | Note
-------+----------+-------------------------------------------
     0 | D:1      | Haldmier the Ogre Wizard began the quest for the Orb.
     0 | D:1      | Reached XP level 1. HP: 16/16 MP: 5/5
    44 | D:1      | Reached skill level 1 in Conjurations
   421 | D:2      | Reached XP level 2. HP: 24/24 MP: 2/6
   475 | D:2      | Reached skill level 1 in Maces & Flails
   509 | D:2      | Found a hazy altar of Hepliaklqana.
   519 | D:2      | Became a worshipper of Hepliaklqana the Forgotten
   697 | D:2      | Reached XP level 3. HP: 7/27 MP: 8/8
  1001 | D:2      | Slain by a gnoll

Skill      XL: |  1  2 |
---------------+-------+-----
Conjurations   | 1 |  1.2
Maces & Flails | 2 |  2.6
Dodging        | |  1.7
Stealth        | |  1.4
Spellcasting   | |  3.6
Summonings     | |  0.6
Translocations | |  0.6

Action                   || total
-------------------------++-------
Melee: Unarmed           ||     4
       Club              ||    20
 Cast: Magic Dart        ||    26
Armor: Robe              ||    11
Dodge: Dodged            ||    22
